 Dungeon Crawl Stone Soup version 0.30-a0-424-g7412bad402 (webtiles) character file.

Game seed: 12740111282235105990

29 HoaS the Ruffian (level 3, -1/31 HPs)
             Began as a Ghoul Monk on Dec 9, 2022.
             Slain by a jackal (3 damage)
             ... on level 2 of the Dungeon.
             The game lasted 00:01:54 (929 turns).

HoaS the Ruffian (Ghoul Monk)                        Turns: 929, Time: 00:01:54

Health: -1/31      AC:  2    Str: 14    XL:     3   Next: 16%
Magic:  2/2        EV: 12    Int:  5    God:
Gold:   51         SH:  0    Dex: 13    Spells: 2/2 levels left

rFire   . . .      SeeInvis .      - Unarmed
rCold   + . .      Faith    .    (no shield)
rNeg    + + +      Spirit   .    a - +0 robe
rPois   ∞          Reflect  .    (no helmet)
rElec   .          Harm     .    (no cloak)
rCorr   .          Rampage  .    (no gloves)
Will    .....                    (no boots)
Stlth   ++........               (no amulet)
HPRegen 0.00/turn                (no ring)
MPRegen 0.08/turn                (no ring)

@: inhibited regen
A: claws 1, cold resistance 1, negative energy resistance 3, inhibited
regeneration, torment resistance 2, devour on kill
a: no special abilities


You were on level 2 of the Dungeon.
You visited 1 branch of the dungeon, and saw 2 of its levels.

You collected 51 gold pieces.

Inventory:

Armour
 a - a +0 robe (worn)
 d - the +4 pair of gloves of the Original Sin {rF++ rC+ Will- Dex+3}
   (You acquired it on level 1 of the Dungeon)

   Dex:       It affects your dexterity (+3).
   rF:        It greatly protects you from fire.
   rC:        It protects you from cold.
   Will:      It decreases your willpower.
Scrolls
 c - a scroll of teleportation
Potions
 b - a potion of ambrosia
 e - a potion of curing {unknown}


   Skills:
 - Level 3.2 Fighting
 - Level 2.6 Dodging
 - Level 2.1 Stealth
 + Level 4.6 Unarmed Combat


You had 2 spell levels left.
You didn't know any spells.
Your spell library contained the following spells:

 Spells                   Type           Power      Damage    Failure   Level
 Static Discharge         Conj/Air       0%         2-2/arc   63%         2
 Vhi's Electric Charge    Tloc/Air       0%         N/A       85%         3
 Arcjolt                  Conj/Air       0%         1d10      100%        5
 Lightning Bolt           Conj/Air       0%         1d11      100%        5
 Maxwell's Capacitive Co  Air            0%         ∞         100%        8


Dungeon Overview and Level Annotations

Branches:
Dungeon (2/15)

Altars:


Innate Abilities, Weirdness & Mutations

You are immune to poison.
You have sharp fingernails.
Your flesh is cold resistant. (rC+)
You are immune to negative energy. (rN+++)
You do not regenerate when monsters are visible.
You are immune to unholy pain and torment.
You thrive by killing the living.


Message History

An adder comes into view.
The jackal bites you. The jackal bites you. The jackal closely misses you.
The jackal barely misses you. The jackal bites you. The jackal misses you. x2
The jackal barely misses you. The jackal bites you.
The jackal closely misses you. The jackal bites you. The jackal bites you.
The jackal closely misses you. The jackal barely misses you.
The jackal bites you. The jackal barely misses you.
The adder hisses angrily.
The jackal bites you. x2
* * * LOW HITPOINT WARNING * * *
The jackal closely misses you. The jackal bites you.
* * * LOW HITPOINT WARNING * * *
The jackal barely misses you. The jackal bites you.
* * * LOW HITPOINT WARNING * * *
The jackal closely misses you. The jackal barely misses you. x2
The jackal closely misses you. The jackal barely misses you.
The jackal closely misses you. The jackal misses you.
The jackal barely misses you. The jackal barely misses you. x2
The jackal closely misses you. The jackal barely misses you.
The jackal bites you but does no damage.
The jackal completely misses you. The jackal barely misses you.
The jackal closely misses you. The jackal misses you. The jackal bites you.
* * * LOW HITPOINT WARNING * * *
The jackal bites you but does no damage.
The jackal bites you.
You die...

###
#####.##.####
#....@hS.....
#.###.##..>..
#<.....# ###
#.###### #.#
(.. ... ##.##
...


You could see an adder and a jackal.

Vanquished Creatures
  3 bats (D:1)
  2 endoplasms (D:1)
  5 hobgoblins (D:1)
  2 jackals (D:1)
  3 kobolds (D:1)
  3 quokkas (D:1)
  2 ball pythons (D:1)
  3 goblins (D:1)
23 creatures vanquished.

Notes
Turn   | Place    | Note
-------+----------+-------------------------------------------
     0 | D:1      | HoaS the Ghoul Monk began the quest for the Orb.
     0 | D:1      | Reached XP level 1. HP: 19/19 MP: 0/0
   178 | D:1      | Reached XP level 2. HP: 16/26 MP: 1/1
   181 | D:1      | Reached skill level 4 in Unarmed Combat
   547 | D:1      | Reached XP level 3. HP: 31/31 MP: 2/2
   876 | D:1      | Identified a scroll of acquirement
   876 | D:1      | Acquired the +4 pair of gloves of the Original Sin {rF++
                  | rC+ Will- Dex+3}
   929 | D:2      | Slain by a jackal

Illustrated notes

Levels and vault maps discovered:
D:1:      elethiomel_arrival_infinity_welcomes_careful_drivers, layout_rooms,
          nrook_loot_triangle, bh_walls_and_bars
D:2:      layout_basic, basic_altar, minmay_tripent, uniq_natasha,
          uniq_crazy_yiuf_cottage, uniq_robin

Skill      XL: |  1  2 |
---------------+-------+-----
Unarmed Combat | 4 |  4.6
Fighting       | |  3.2
Dodging        | |  2.6
Stealth        | |  2.1

Action                   || total
-------------------------++-------
Melee: Unarmed           ||    63
       Punch             ||     4
  Use: Scroll            ||     2
 Stab: Sleeping          ||     2
Armor: Robe              ||    18
Dodge: Dodged            ||    64

Table legend: (Time is in decaauts)
 A = Elapsed time spent in this place.
 B = Non-inter-level travel time spent in this place.
 C = Inter-level travel time spent in this place.
 D = Time resting spent in this place.
 E = Time spent auto-exploring this place.
 F = Levels seen in this place.
 G = Mean time per level.
                   A        B        C        D        E       F      G
               +--------+--------+--------+--------+--------+-----+--------+
         Total |    923 |    918 |      5 |    123 |    611 |   2 |  461.5 |
       Dungeon |    923 |    918 |      5 |    123 |    611 |   2 |  461.5 |
               +--------+--------+--------+--------+--------+-----+--------+

Top non-repeatable levels by time:
     D:1: 879 daAuts
     D:2: 44 daAuts
